 Dungeon Crawl Stone Soup version 0.23.2 (webtiles) character file.

Game seed: 12354361561907314424

5103 Joat the Grappler (level 10, 98/98 HPs)
             Began as a Troll Chaos Knight on Apr 9, 2019.
             Was a Believer of Wu Jian.
             Got out of the dungeon alive.
             The game lasted 00:41:38 (7120 turns).

Joat the Grappler (Troll Chaos Knight)              Turns: 7120, Time: 00:41:38

Health: 98/98      AC:  9    Str: 21 (22) XL:     10   Next: 32%
Magic:  19/19      EV: 11    Int:  5 (6)  God:    Wu Jian [**....]
Gold:   579        SH:  0    Dex: 15      Spells: 9/11 levels left

rFire    . . .     SeeInvis +     - Unarmed
rCold    + . .     Gourm    +   (no shield)
rNeg     . . .     Faith    .   a - +2 robe of the Komtur {rElec rC+ Int-3 Dex+6}
rPois    .         Spirit   .   (helmet restricted)
rElec    +         Reflect  .   J - +0 cloak
rCorr    +         Harm     .   (gloves unavailable)
MR       .....                  (boots unavailable)
Stlth    ++........             t - amulet of magic regeneration
HPRegen  0.66/turn              i - ring of magical power
MPRegen  0.41/turn              q - ring of resist corrosion

@: no status effects
A: large, unfitting armour, claws 3, talons 1, see invisible, dopey 1, fast
metabolism 3, gourmand, regeneration 1, screaming 1, shaggy fur 1, electricity
resistance, tough skin 3, evolution 1, sturdy frame 1
a: Wall Jump, Renounce Religion


You escaped.
You worshipped Wu Jian.
Wu Jian was pleased with you.
You were not hungry.

You visited 2 branches of the dungeon, and saw 11 of its levels.

You collected 579 gold pieces.

Inventory:

Hand Weapons
 b - a +0 giant spiked club
Missiles
 p - 9 tomahawks
 y - 6 javelins
 F - 2 large rocks
 G - 3 poisoned tomahawks (quivered)
Armour
 a - the +2 robe of the Komtur (worn) {rElec rC+ Int-3 Dex+6}
   (You found it on level 4 of the Dungeon)

   It affects your intelligence (-3).
   It affects your dexterity (+6).
   It protects you from cold.
   It insulates you from electricity.
 o - the +2 robe of Paranoia {-Cast rPois Regen+ SInv}
   (You took it off an orc on level 4 of the Dungeon)

   It protects you from poison.
   It lets you see invisible.
   It prevents spellcasting.
   It increases your rate of regeneration.
 J - a +0 cloak (worn)
Magical Staves
 u - an uncursed staff of wizardry
Jewellery
 i - a ring of magical power (left claw)
 q - a ring of resist corrosion (right claw)
 t - an amulet of magic regeneration (around neck)
Wands
 d - a wand of scattershot (5)
 h - a wand of random effects (16)
 k - a wand of paralysis (12)
 r - a wand of flame (25)
 x - a wand of polymorph (12)
 M - a wand of enslavement (9)
Scrolls
 c - 3 scrolls of immolation {unknown}
 e - 3 scrolls of enchant weapon {unknown}
 f - 2 scrolls of magic mapping {unknown}
 g - 5 scrolls of amnesia {unknown}
 s - a scroll of fog
 w - a scroll of torment
 B - 3 scrolls of remove curse
 C - a scroll of acquirement {unknown}
 D - 4 scrolls of teleportation {unknown}
 H - a scroll of identify
 I - 2 scrolls of blinking {unknown}
 K - a scroll of fear
 O - a scroll of vulnerability
Potions
 j - a potion of mutation
 l - 3 potions of heal wounds
 m - 4 potions of curing
 n - 3 potions of might
 v - a potion of cancellation
 A - 2 potions of agility
 E - a potion of flight
 L - a potion of brilliance
 N - a potion of resistance
Comestibles
 z - 29 rations


   Skills:
 - Level 6.0 Fighting
 + Level 6.2 Throwing
 - Level 1.1 Armour
 - Level 3.2 Dodging
 - Level 1.7 Stealth
 + Level 11.9 Unarmed Combat
 - Level 1.2 Spellcasting
 - Level 2.1 Summonings


You had 9 spell levels left.
You knew the following spells:

 Your Spells              Type           Power        Failure   Level  Hunger
k - Apportation           Tloc           #.....       43%         1    ##.....
w - Summon Butterflies    Summ           #.......     21%         1    ##.....

Your spell library contained the following spells:

 Spells                   Type           Power        Failure   Level  Hunger
 Shock                    Conj/Air       #...         43%         1    ##.....
 Swiftness                Chrm/Air       #.......     58%         2    ###....
 Lesser Beckoning         Tloc           #.........   82%         3    ####...
 Static Discharge         Conj/Air       #.......     82%         3    ####...
 Tukima's Dance           Hex            #.......     82%         3    ####...
 Airstrike                Air            #.........   99%         4    #####..
 Alistair's Intoxication  Tmut/Pois      #.......     100%        5    ######.
 Lightning Bolt           Conj/Air       #.........   100%        5    ######.
 Invisibility             Hex            #.......     100%        6    #######


Dungeon Overview and Level Annotations

Branches:
Dungeon (10/15)            Temple (1/1) D:5
   Lair: D:8-11         Orc: D:9-12

Altars:
Ashenzari
Cheibriados
Dithmenos
Elyvilon
Fedhas
Gozag
Hepliaklqana
Kikubaaqudgha
Makhleb
Nemelex Xobeh
Okawaru
Qazlal
Ru
Sif Muna
Trog
Uskayaw
Vehumet
Wu Jian
Xom
Yredelemnul
Zin

Shops:
D:7 }=

Annotations:
D:9 fire, loot


Innate Abilities, Weirdness & Mutations

You are too large for most types of armour.
You have claws for hands.
Your metabolism is lightning-fast.
You like to eat raw meat.
Your natural rate of healing is unusually fast.
You are covered in fur. (AC +1)
You have extremely tough skin. (AC +3)
You have sharp toenails.
You have supernaturally acute eyesight. (SInv)
You are dopey. (Int -2)
You occasionally shout uncontrollably at your foes.
You are resistant to electric shocks. (rElec)
You evolve.
Your movements are slightly less encumbered by armour. (ER -2)


Message History

There is a stone staircase leading up here.
You climb upwards.
There is a stone staircase leading down here.
There is a stone staircase leading up here.
You climb upwards.
There is a stone staircase leading down here.
There is a stone staircase leading up here.
You climb upwards.
There is a stone staircase leading down here.
There is an open door here.
There is a stone staircase leading up here.
You climb upwards.
There is a stone staircase leading down here.
There is an open door here.
There is a stone staircase leading up here.
You climb upwards.
There is a stone staircase leading down here.
There is a staircase leading out of the dungeon here.
Are you sure you want to leave the Dungeon?
This will make you lose the game!
You have escaped!

.# #.# #.#####.####.#.# .# #.#
#.##...........# .# #.#
###............#.# )# #.#
#.........######.# .#####.##
##..###.#########.#
........######.....#.###.......##
#######.......P...P...##.........
######..........##.#####.##
#....@.....##.## #.# #########
##..........#...# #.#
........###...P...P.....#.# #.#
............#......##.#...# #.#
.####.#..##....#...##.##.## #.#
.# #.#..###.#..>...#.##.# #.#
.####.#..##.........#.##.#####.#
......#.................#......#
....................#..###.#####


There were no monsters in sight!

Vanquished Creatures
  Pikel (D:4)
  Joseph (D:7)
  Psyche (D:7)
  A hippogriff (D:9)
  Sigmund (D:2)
  A wraith (D:7)
  2 soldier ants (D:8)
  2 orc warriors (D:8)
  2 slaves (D:4)
  3 sky beasts
  An ice beast (D:6)
  5 ogres
  4 centaurs
  5 bullfrogs
  A wyvern skeleton (D:7)
  2 scorpions
  8 killer bees (D:9)
  4 electric eels (D:4)
  3 crimson imps
  A hound (D:7)
  4 jellies
  A bullfrog skeleton (D:4)
  4 orc priests
  4 orc wizards
  A centaur skeleton (D:4)
  Ijyb (D:4)
  Natasha (D:2)
  6 worker ants
  A killer bee zombie (D:5)
  A howler monkey zombie (D:5)
  Robin (D:3)
  A worker ant zombie (D:7)
  9 adders
  An ooze (D:7)
  5 worms
  6 dart slugs
  3 leopard geckos
  28 orcs
  2 bat zombies (D:9)
  6 giant cockroaches
  15 goblins
  10 hobgoblins
  15 jackals
  7 kobolds
  3 quokkas
  A ball python (D:2)
  2 bats
  A frilled lizard (D:4)
  2 jackal skeletons (D:4)
  7 rats
  A rat zombie (D:9)
  2 plants (D:4)
201 creatures vanquished.

Vanquished Creatures (collateral kills)
  2 slaves (D:4)
  An orc priest (D:4)
  3 orc wizards
  An orc (D:3)
  A hobgoblin (D:3)
8 creatures vanquished.

Vanquished Creatures (others)
  A hippogriff (D:9)
  A hound (D:9)
2 creatures vanquished.

Grand Total: 211 creatures vanquished

Notes
Turn   | Place    | Note
-------+----------+-------------------------------------------
     0 | D:1      | Joat the Troll Chaos Knight began the quest for the Orb.
     0 | D:1      | Reached XP level 1. HP: 22/22 MP: 0/0
    66 | D:1      | XOM: divination: magic mapping
   112 | D:1      | Reached XP level 2. HP: 27/29 MP: 1/1
   115 | D:1      | XOM: harmless Fire miscast
   204 | D:1      | XOM: divination: detect creatures
   263 | D:1      | XOM: potion effect (brilliance)
   660 | D:1      | XOM: scenery: create altars
   720 | D:2      | Reached skill level 1 in Throwing
   743 | D:2      | Reached XP level 3. HP: 28/36 MP: 2/2
   791 | D:2      | Noticed Sigmund
   823 | D:2      | Reached skill level 5 in Fighting
   823 | D:2      | Reached skill level 9 in Unarmed Combat
   823 | D:2      | Reached XP level 4. HP: 38/52 MP: 3/3
   826 | D:2      | Killed Sigmund
   826 | D:2      | Reached skill level 1 in Stealth
   826 | D:2      | Reached XP level 5. HP: 45/59 MP: 4/4
   873 | D:2      | Noticed Natasha
   882 | D:2      | XOM: enchant monster (good)
   883 | D:2      | Killed Natasha
   883 | D:2      | Reached XP level 6. HP: 55/67 MP: 5/5
   947 | D:2      | XOM: god gift: 48 gold pieces
  1038 | D:2      | You fall through a shaft!
  1041 | D:3      | Noticed Robin
  1057 | D:3      | Killed Robin
  1066 | D:3      | XOM: god gift: 6 rations
  1154 | D:3      | Found a faded altar of an unknown god.
  1179 | D:3      | XOM: give mutation
  1179 | D:3      | Gained mutation: You are resistant to electric shocks.
                  | (rElec) [Xom's grace]
  1305 | D:3      | XOM: 2-stop teleportation journey
  1320 | D:3      | Found a shadowy altar of Dithmenos.
  1421 | D:3      | XOM: give mutations
  1421 | D:3      | Gained mutation: You possess an exceptional clarity of
                  | mind. [Xom's grace]
  1421 | D:3      | Gained mutation: You have sharp toenails. [Xom's grace]
  1421 | D:3      | Gained mutation: You evolve. [Xom's grace]
  1432 | D:3      | Gained mutation: You occasionally shout uncontrollably at
                  | your foes. [evolution]
  1849 | D:4      | Found a transporter.
  1854 | D:4      | Found a transporter.
  1856 | D:4      | XOM: enchant monster (good)
  1863 | D:4      | Reached skill level 1 in Armour
  1883 | D:4      | Identified the +2 robe of Paranoia {-Cast rPois Regen+
                  | SInv}
  1892 | D:4      | Noticed Ijyb
  1914 | D:4      | XOM: summons friendly shadow imp
  1915 | D:4      | Reached XP level 7. HP: 59/75 MP: 6/6
  1942 | D:4      | Killed Ijyb
  2070 | D:4      | Got a wizard robe
  2082 | D:4      | Identified the +2 robe of the Komtur {rElec rC+ Int-3
                  | Dex+6} (You found it on level 4 of the Dungeon)
  2155 | D:4      | Noticed Pikel
  2179 | D:4      | Killed Pikel
  2179 | D:4      | Reached XP level 8. HP: 81/83 MP: 7/7
  2225 | D:4      | Reached skill level 10 in Unarmed Combat
  2271 | D:4      | Found a sacrificial altar of Ru.
  2306 | D:4      | XOM: god gift: book of Party Tricks
  2310 | D:4      | Learned a level 1 spell: Apportation
  2312 | D:4      | Learned a level 1 spell: Summon Butterflies
  2414 | D:4      | XOM: 1-stop teleportation journey
  2585 | D:4      | You fall through a shaft for 3 floors!
  2614 | D:7      | Found Sirujikk's Gadget Shoppe.
  2651 | D:5      | Entered Level 5 of the Dungeon
  2698 | D:5      | Found a staircase to the Ecumenical Temple.
  2704 | Temple   | Entered the Ecumenical Temple
  2876 | Temple   | Lost mutation: You possess an exceptional clarity of mind.
                  | [evolution]
  2945 | Temple   | Fell from the grace of Xom
  2945 | Temple   | Became a worshipper of the Wu Jian Council
  3059 | D:5      | XOM: medium Air miscast
  3159 | D:5      | Reached skill level 5 in Throwing
  3191 | D:5      | XOM: enchant monster (bad)
  3202 | D:5      | XOM: polymorph butterfly -> ball python
  3385 | D:5      | XOM: mild Hex miscast
  3533 | D:6      | Reached skill level 1 in Summonings
  3921 | D:6      | Reached XP level 9. HP: 83/89 MP: 8/8
  4024 | D:6      | You fall through a shaft for 3 floors!
  4024 | D:9      | XOM: noise
  4068 | D:9      | Found an ancient bone altar of Kikubaaqudgha.
  4182 | D:7      | Reached * piety under Wu Jian
  4184 | D:7      | Noticed Joseph
  4193 | D:7      | Killed Joseph
  4193 | D:7      | Reached skill level 1 in Spellcasting
  4610 | D:7      | Found Lylazxoq's Jewellery Shop.
  4684 | D:7      | XOM: give mutation
  4684 | D:7      | Gained mutation: You are dopey. (Int -2) [Xom's mischief]
  4762 | D:7      | XOM: give mutations
  4762 | D:7      | Gained mutation: Armour fits poorly on your strangely
                  | shaped body. [Xom's mischief]
  4762 | D:7      | Gained mutation: Scrolls take you a little longer to read.
                  | [Xom's mischief]
  4762 | D:7      | Gained mutation: Your body sometimes deteriorates upon
                  | taking damage. [Xom's mischief]
  4762 | D:7      | Lost mutation: Armour fits poorly on your strangely shaped
                  | body. [Xom's mischief]
  4953 | D:7      | Lost mutation: Your body sometimes deteriorates upon taking
                  | damage. [potion of mutation]
  4953 | D:7      | Lost mutation: Scrolls take you a little longer to read.
                  | [potion of mutation]
  4953 | D:7      | Gained mutation: Your spells are a little harder to cast,
                  | but a little more powerful. [potion of mutation]
  4953 | D:7      | Gained mutation: Your movements are slightly less
                  | encumbered by armour. (ER -2) [potion of mutation]
  4968 | D:8      | Noticed Psyche
  5005 | D:7      | XOM: medium Necr miscast
  5013 | D:7      | Killed Psyche
  5140 | D:8      | Gained mutation: You have supernaturally acute eyesight.
                  | (SInv) [evolution]
  5168 | D:8      | XOM: mild Tmut miscast
  5504 | D:8      | XOM: cloud trail
  5666 | D:8      | Reached skill level 11 in Unarmed Combat
  5666 | D:8      | Reached XP level 10. HP: 98/98 MP: 10/10
  5695 | D:8      | Reached ** piety under Wu Jian
  5883 | D:9      | XOM: summons 5 hostile demons
  6112 | D:9      | Found an opulent altar of Gozag.
  6540 | D:9      | XOM: give mutation
  6540 | D:9      | Lost mutation: Your spells are a little harder to cast, but
                  | a little more powerful. [Xom's mischief]
  6773 | D:10     | Entered Level 10 of the Dungeon
  7120 | D:$      | Got out of the dungeon alive.

Skill      XL: |  1  2  3  4  5  6  7  8  9 |
---------------+----------------------------+-----
Dodging        | 2 3 |  3.2
Throwing       | 1 3 5 6 |  6.2
Fighting       | 5 6 |  6.0
Unarmed Combat | 9 10 11 | 11.9
Stealth        | 1 |  1.7
Armour         | 1 |  1.1
Summonings     | 1 2 |  2.1
Spellcasting   | 1 |  1.2

Action                   |  1- 3 |  4- 6 |  7- 9 | 10-12 || total
-------------------------+-------+-------+-------+-------++-------
Melee: Unarmed           |    67 |   132 |   217 |   104 ||   520
       Punch             |     1 |     7 |     8 |     5 ||    21
       Kick              |       |    16 |    57 |    33 ||   106
Throw: Stone             |     8 |       |       |       ||     8
       Large rock        |       |       |    13 |       ||    13
       Tomahawk          |       |       |     9 |     6 ||    15
 Cast: Summon Butterflie |       |       |     6 |     8 ||    14
Invok: Lunge             |       |       |    39 |     6 ||    45
       Whirlwind         |       |       |    14 |     6 ||    20
  Use: Potion            |     3 |     4 |     2 |       ||     9
       Scroll            |       |       |     9 |       ||     9
 Stab: Sleeping          |     1 |     2 |     4 |       ||     7
       Paralysed         |       |     1 |       |       ||     1
       Petrified         |       |     3 |       |       ||     3
  Eat: Chunk             |    11 |    11 |    32 |     9 ||    63
Armor: Robe              |    28 |    54 |    59 |    41 ||   182
Dodge: Dodged            |    31 |    73 |    74 |    78 ||   256
